 Dungeon Crawl Stone Soup version 0.28-a0-500-g121bc3e445 (webtiles) character file.

Game seed: 5144587636996747044

159 Shayle the Skirmisher (level 5, -1/57 HPs)
             Began as an Ogre Warper on Sept 19, 2021.
             Killed by divine providence
             ... invoked by an orc priest
              (17 damage)
             ... on level 4 of the Dungeon.
             The game lasted 00:06:08 (3022 turns).

Shayle the Skirmisher (Ogre Warper)                 Turns: 3022, Time: 00:06:08

Health: -1/57      AC:  5    Str: 15    XL:     5   Next: 40%
Magic:  8/8        EV:  9    Int: 15    God:
Gold:   124        SH:  0    Dex:  8    Spells: 3/8 levels left

rFire   . . .      SeeInvis .   i - +0 trident
rCold   . . .      Faith    .   (no shield)
rNeg    . . .      Spirit   .   j - +0 troll leather armour
rPois   .          Reflect  .   (helmet restricted)
rElec   .          Harm     .   (no cloak)
rCorr   .          Rampage  .   (gloves unavailable)
Will    +....                   (boots unavailable)
Stlth   +.........              (no amulet)
HPRegen 1.19/turn               h - ring of willpower
MPRegen 0.11/turn               (no ring)

@: no status effects
A: large, unfitting armour, tough skin 1
a: no special abilities


You were on level 4 of the Dungeon.
You visited 1 branch of the dungeon, and saw 4 of its levels.

You collected 124 gold pieces.

Inventory:

Hand Weapons
 a - a +0 spear
 i - a +0 trident (weapon)
Missiles
 d - 5 boomerangs of dispersal (quivered)
 k - 4 boomerangs
Armour
 b - a +0 robe
 j - a +0 troll leather armour (worn)
Jewellery
 h - a ring of willpower (left hand)
Scrolls
 c - a scroll of magic mapping
 g - a scroll of holy word
Potions
 e - a potion of lignification {unknown}
 f - a potion of flight


   Skills:
 + Level 5.2 Fighting
 + Level 3.8 Polearms
 - Level 1.0 Throwing
 + Level 1.0 Armour
 - Level 2.1 Dodging
 - Level 2.4 Spellcasting
 - Level 2.6 Translocations


You had 3 spell levels left.
You knew the following spells:

 Your Spells              Type           Power      Damage    Failure   Level
a - Blink                 Tloc           N/A        N/A       13%         2
b - Teleport Other        Tloc           9%         N/A       26%         3

Your spell library contained the following spells:

 Spells                   Type           Power      Damage    Failure   Level
 Gell's Gravitas          Tloc           4%         N/A       26%         3
 Lesser Beckoning         Tloc           9%         N/A       26%         3
 Manifold Assault         Tloc           9%         N/A       94%         5


Dungeon Overview and Level Annotations

Branches:
Dungeon (4/15)             Temple (0/1) D:4

Altars:

Annotations:
D:3 Natasha


Innate Abilities, Weirdness & Mutations

You are too large for most types of armour.
You have tough skin. (AC +1)


Message History

The orc priest is heavily wounded.
The orc priest barely misses you.
You closely miss the orc priest.
The orc priest is heavily wounded.
The orc priest hits you but does no damage.
The orc priest hits you with a +0 flail.
You hit the orc priest.
The orc priest is severely wounded.
An orc comes into view. It is wielding a +0 club.
The orc priest hits you with a +0 flail.
The orc shouts!
You hit the orc priest.
The orc priest is severely wounded.
The orc wizard hits you but does no damage.
The orc priest calls down the wrath of Beogh upon you.
Beogh smites you!
You closely miss the orc priest.
The orc priest is severely wounded.
The orc wizard casts a spell at you. The magic dart hits you.
The orc priest calls down the wrath of Beogh upon you.
Beogh smites you!
You barely miss the orc priest.
The orc priest is severely wounded.
The orc wizard gestures at you while chanting.
The magic dart hits you.
The orc priest calls down the wrath of Beogh upon you.
You resist with some effort.
You closely miss the orc priest.
The orc priest is severely wounded.
The orc wizard points at you and mumbles some strange words.
The magic dart hits you.
The orc priest hits you with a +0 flail.
* * * LOW HITPOINT WARNING * * *
You hit the orc priest.
The orc priest is almost dead.
The orc wizard hits you but does no damage.
The orc priest invokes the aid of Beogh against you.
Beogh smites you!
You die...

.. ....##.####.. #..#
.............. #...
....$.#.#......
#..#####....#$#.#.?..#
#..<.##...#.#.#.#..#
##.#.......#.>.#...##
#.#......#.#.#.#....
#.........#o#.#.....
##.....#.o@#o#......
##..###....).......
#..###..#.........
#..##...###.......
#..##..## ####...
##.##.## .. .. #. . ..
...


You could see an orc priest, an orc wizard and an orc.

Vanquished Creatures
  Jessica (D:2)
  3 adders
  3 gnolls (D:3)
  A worm (D:2)
  3 dart slugs (D:3)
  8 ball pythons
  8 bats
  6 endoplasms
  A giant cockroach (D:1)
  6 goblins
  7 hobgoblins
  3 jackals (D:1)
  4 kobolds
  2 quokkas (D:1)
  5 frilled lizards
  10 rats
71 creatures vanquished.

Notes
Turn   | Place    | Note
-------+----------+-------------------------------------------
     0 | D:1      | Shayle the Ogre Warper began the quest for the Orb.
     0 | D:1      | Reached XP level 1. HP: 22/22 MP: 3/3
    94 | D:1      | Reached skill level 3 in Fighting
   130 | D:1      | Reached XP level 2. HP: 10/31 MP: 5/5
   809 | D:1      | Reached XP level 3. HP: 30/39 MP: 6/6
   817 | D:1      | Learned a level 2 spell: Blink
   821 | D:1      | Learned a level 3 spell: Teleport Other
   841 | D:1      | Noticed an eye of devastation
   848 | D:1      | Found a faded altar of an unknown god.
   852 | D:1      | Noticed an eye of devastation
   852 | D:1      | Noticed a great orb of eyes
   852 | D:1      | Noticed a great orb of eyes
  1126 | D:1      | Reached skill level 4 in Fighting
  2127 | D:2      | Noticed Jessica
  2151 | D:2      | Killed Jessica
  2152 | D:2      | Reached XP level 4. HP: 24/49 MP: 7/7
  2834 | D:3      | Reached skill level 5 in Fighting
  2834 | D:3      | Reached XP level 5. HP: 57/57 MP: 8/8
  2919 | D:3      | Reached skill level 1 in Armour
  2968 | D:3      | Noticed Natasha
  2995 | D:4      | Found a staircase to the Ecumenical Temple.
  3022 | D:4      | Killed from afar by an orc priest

Illustrated notes

Levels and vault maps discovered:
D:1:      tarquinn_simple_flora_water_b, layout_rooms,
          hellmonk_ecumenical_altar_watching_god, minmay_heptomino_l4
D:2:      layout_basic, nrook_mini_backslash, uniq_jessica
D:3:      layout_basic, minmay_stone_trees_medium, uniq_natasha
D:4:      layout_cave_pools, fiery_altar_vehumet, marbit_many_paths,
          grunt_temple_overflow_open, minmay_temple_entry_grid

Skill      XL: |  1  2  3  4  5 |
---------------+----------------+-----
Fighting       | 3 4 5 |  5.2
Polearms       | 3 |  3.8
Armour         | 1 |  1.0
Throwing       | |  1.0
Dodging        | |  2.1
Spellcasting   | |  2.4
Translocations | |  2.6

Action                   |  1- 3 |  4- 6 || total
-------------------------+-------+-------++-------
Melee: Spear             |   114 |       ||   114
       Trident           |    53 |    77 ||   130
  Use: Potion            |     4 |       ||     4
       Scroll            |     1 |     3 ||     4
Armor: Robe              |    71 |     1 ||    72
       Troll leather arm |       |    14 ||    14
Dodge: Dodged            |    99 |    32 ||   131

Table legend: (Time is in decaauts)
 A = Elapsed time spent in this place.
 B = Non-inter-level travel time spent in this place.
 C = Inter-level travel time spent in this place.
 D = Time resting spent in this place.
 E = Time spent auto-exploring this place.
 F = Levels seen in this place.
 G = Mean time per level.
                   A        B        C        D        E       F      G
               +--------+--------+--------+--------+--------+-----+--------+
         Total |   3036 |   2973 |     63 |    348 |   1944 |   4 |  759.0 |
       Dungeon |   3036 |   2973 |     63 |    348 |   1944 |   4 |  759.0 |
               +--------+--------+--------+--------+--------+-----+--------+

Top non-repeatable levels by time:
     D:1: 1668 daAuts
     D:2: 945 daAuts
     D:3: 390 daAuts
     D:4: 31 daAuts
